 Dungeon Crawl Stone Soup version 0.32-a0-350-g4f4d228785 (webtiles) character file.

Game seed: 2348938776618402032

875 n00bmints the Cudgeller (level 7, 0/93 HPs)
             Began as a Minotaur Berserker on Feb 17, 2024.
             Was a Believer of Trog.
             Slain by an orc
             ... wielding a +0 club
              (3 damage)
             ... on level 5 of the Dungeon.
             The game lasted 00:19:00 (4936 turns).

n00bmints the Cudgeller (Minotaur Berserker)        Turns: 4936, Time: 00:19:01

Health: 0/93       AC: 16    Str: 23    XL:     7   Next: 74%
Magic:  6/6        EV:  7    Int:  4    God:    Trog [**....]
Gold:   222        SH:  0    Dex: 10    Spells: 6/6 levels left

rFire   . . .        u - +0 flail
rCold   + + .        (no shield)
rNeg    . . .        r - +0 plate armour
rPois   .            (helmet restricted)
rElec   .            (no cloak)
rCorr   .            (no gloves)
SInv    .            e - +2 pair of boots
Will    .....        b - amulet of magic regeneration Stlth
                     c - ring of protection from cold
HPRegen 0.35/turn    g - ring of protection from cold
MPRegen 0.50/turn

%: no passive effects
@: berserking, very quick
A: horns 2, retaliatory headbutt
a: Renounce Religion, Berserk, Trog's Hand


You were on level 5 of the Dungeon.
You worshipped Trog.
Trog was pleased with you.
You visited 1 branch of the dungeon, and saw 5 of its levels.

You collected 222 gold pieces.

Inventory:

Hand Weapons
 a - a +0 mace
 u - a +0 flail (weapon)
Armour
 e - a +2 pair of boots (worn)
 r - a +0 plate armour (worn)
Jewellery
 b - an amulet of magic regeneration (around neck)
 c - a ring of protection from cold (left hand)
 g - a ring of protection from cold (right hand)
 o - a ring of magical power
Talismans
 f - a blade talisman
Scrolls
 d - a scroll of butterflies {unknown}
 j - a scroll of noise {unknown}
 m - 2 scrolls of immolation {unknown}
 p - 2 scrolls of revelation {unknown}
 s - a scroll of identify {unknown}
 v - a scroll of fog {unknown}
Potions
 h - 3 potions of attraction {unknown}
 i - a potion of haste {unknown}
 k - a potion of magic {unknown}
 l - 2 potions of degeneration {unknown}
 n - 5 potions of mutation {unknown}
 q - a potion of brilliance {unknown}
 t - a potion of enlightenment {unknown}


   Skills:
 + Level 5.7 Fighting
 + Level 7.3 Maces & Flails
 + Level 6.8 Armour
 + Level 3.3 Dodging
 + Level 0.6 Stealth


You had 6 spell levels left.
You didn't know any spells.
Your spell library was empty.

Dungeon Overview and Level Annotations

Branches:
Dungeon (5/15)
 Temple: D:4-7

Altars:
Okawaru
Trog


Innate Abilities, Weirdness & Mutations

You have a pair of horns on your head.
You reflexively headbutt those who attack you in melee.


Message History

Blork the orc gestures at you while chanting.
The puff of frost hits you but does no damage.
You barely miss Blork the orc.
Blork the orc is moderately wounded.
Blork the orc gestures at you while chanting.
The puff of flame misses you.
You sock Blork the orc!
Blork the orc is severely wounded.
Blork the orc hits you with a +4 battleaxe! x2
* * * LOW HITPOINT WARNING * * *
You closely miss Blork the orc. Your headbutt misses Blork the orc.
Blork the orc is severely wounded.
Blork the orc hits you with a +4 battleaxe!
* * * LOW HITPOINT WARNING * * *
You sock Blork the orc!
You kill Blork the orc!
Trog accepts your kill.
Trog appreciates your killing of a magic user.
You closely miss the orc. You headbutt the orc!
The orc is almost dead.
The orc closely misses you.
A red film seems to cover your vision as you go berserk!
You feel yourself moving faster!
You feel mighty! The orc hits you but does no damage.
Okay, then.
You barely miss the orc.
The orc is almost dead.
The orc hits you but does no damage.
You bludgeon the orc!!
You kill the orc!
Trog accepts your kill.
You sock the orc!
You kill the orc!
Trog accepts your kill.
The orc shouts!
You hear a shout!
The orc hits you with a +0 club.
* * * LOW HITPOINT WARNING * * *
Items here: ))) [.
You barely miss the orc. The orc hits you with a +0 club.
You die...

#########
#........
#.#
...####@#
...o...o#
...####.#
... #.#


oo.. #.# .....##.# ...o....# ###..##.# ........# You could see 2 orcs.

Vanquished Creatures
  2 black bears
  Blork the orc (D:5)
  A scorpion (D:4)
  2 bombardier beetles
  A gnoll bouda (D:4)
  Jessica (D:3)
  2 sleepcaps
  2 iguanas
  Natasha (thrice) (D:3)
  An orc wizard (D:5)
  5 gnolls
  3 adders
  A white imp (D:4)
  2 ufetubi (D:5)
  2 dart slugs
  A ribbon worm (D:2)
  6 orcs
  4 ball pythons
  5 bats
  9 endoplasms
  A giant cockroach (D:4)
  7 goblins
  5 hobgoblins
  9 kobolds
  6 quokkas
  4 frilled lizards
  3 rats
89 creatures vanquished.

Notes
Turn   | Place    | Note
-------+----------+-------------------------------------------
     0 | D:1      | n00bmints the Minotaur Berserker began the quest for the
                  | Orb.
     0 | D:1      | Reached XP level 1. HP: 19/19 MP: 0/0
   166 | D:1      | Reached skill level 4 in Maces & Flails
   166 | D:1      | Reached XP level 2. HP: 26/27 MP: 1/1
   836 | D:1      | Reached XP level 3. HP: 33/33 MP: 2/2
  1250 | D:2      | Found a bloodstained altar of Trog.
  1779 | D:2      | Reached XP level 4. HP: 40/41 MP: 3/3
  2125 | D:2      | Reached ** piety under Trog
  2211 | D:3      | Noticed Natasha
  2229 | D:3      | Killed Natasha
  2236 | D:3      | Noticed Natasha
  2244 | D:3      | Killed Natasha
  2245 | D:3      | Reached skill level 5 in Maces & Flails
  2494 | D:3      | Noticed Natasha
  2502 | D:3      | Killed Natasha
  2503 | D:3      | Reached XP level 5. HP: 46/47 MP: 4/4
  2579 | D:3      | Found an iron altar of Okawaru.
  2668 | D:3      | Noticed Jessica
  2672 | D:3      | Killed Jessica
  3105 | D:4      | Reached XP level 6. HP: 55/55 MP: 5/5
  3138 | D:4      | Reached skill level 5 in Fighting
  3313 | D:4      | Reached skill level 5 in Armour
  3886 | D:4      | Reached skill level 6 in Maces & Flails
  4328 | D:4      | Reached XP level 7. HP: 61/61 MP: 6/6
  4449 | D:5      | Entered Level 5 of the Dungeon
  4715 | D:5      | Reached skill level 7 in Maces & Flails
  4910 | D:5      | Noticed Blork the orc
  4928 | D:5      | HP: 2/61 [Blork the orc/+4 battleaxe (11)]
  4929 | D:5      | Killed Blork the orc
  4935 | D:5      | HP: 3/93 [orc/+0 club (3)]
  4936 | D:5      | Slain by an orc

Illustrated notes

Levels and vault maps discovered:
D:1:      dpeg_arrival_rooms_a, layout_loops_corners,
          wander_ebering_terrifying_dragon_lair
D:2:      layout_loops_corners, basic_altar, minmay_misc_feat_hallway,
          minivault_4
D:3:      layout_basic, okawaru_altar_gauntlet_db, uniq_natasha, uniq_jessica
D:4:      layout_gridville
D:5:      layout_loops_ring, serial_shops, nicolae_shop_overgrown_old_shop,
          uniq_blork_the_orc, uniq_crazy_yiuf_cottage, uniq_grinder

Skill      XL: |  1  2  3  4  5  6  7 |
---------------+----------------------+-----
Maces & Flails | 4 5 6 7 |  7.3
Fighting       | 4 5 |  5.7
Armour         | 3 4 5 6 |  6.8
Dodging        | 3 |  3.3
Stealth        | |  0.6

Action                     |  1- 3 |  4- 6 |  7- 9 || total
---------------------------+-------+-------+-------++-------
  Melee: Mace              |    61 |   121 |     5 ||   187
         Headbutt          |     5 |    17 |    12 ||    34
         Flail             |       |       |    49 ||    49
 Invoke: Trog's Hand       |       |     2 |     3 ||     5
         Berserk           |       |     2 |     2 ||     4
 Armour: Animal skin       |    18 |       |       ||    18
         Scale mail        |    33 |    78 |       ||   111
         Plate armour      |       |    41 |    60 ||   101
  Dodge: Dodged            |    46 |    73 |    20 ||   139

Table legend: (Time is in decaauts)
 A = Elapsed time spent in this place.
 B = Non-inter-level travel time spent in this place.
 C = Inter-level travel time spent in this place.
 D = Time resting spent in this place.
 E = Time spent auto-exploring this place.
 F = Levels seen in this place.
 G = Mean time per level.
                   A        B        C        D        E       F      G
               +--------+--------+--------+--------+--------+-----+--------+
         Total |   4996 |   4920 |     76 |      0 |   2254 |   5 |  999.2 |
       Dungeon |   4996 |   4920 |     76 |      0 |   2254 |   5 |  999.2 |
               +--------+--------+--------+--------+--------+-----+--------+

Top non-repeatable levels by time:
     D:4: 1364 daAuts
     D:1: 1134 daAuts
     D:2: 1086 daAuts
     D:3: 915 daAuts
     D:5: 496 daAuts
